 Dungeon Crawl Stone Soup version 0.27-a0-498-g7ecbb0a48f (webtiles) character file.

Game seed: 11226333023558175505

12455 tilp the Transmogrifier (level 11, -8/80 (86) HPs)
             Began as an Octopode Transmuter on Mar 2, 2021.
             Was a High Priest of Okawaru.
             Killed from afar by Nergalle (31 damage)
             ... with a bolt of negative energy
             ... on level 1 of the Lair of Beasts.
             The game lasted 00:27:45 (19759 turns).

tilp the Transmogrifier (Octopode Transmuter)      Turns: 19759, Time: 00:27:46

HP:   -8/80 (86)    AC:  6    Str: 16    XL:     11   Next: 93%
MP:   16/20         EV: 18    Int: 18    God:    Okawaru [*****.]
Gold: 417           SH:  0    Dex: 19    Spells: 12/22 levels left

rFire    x . .     SeeInvis .     - Unarmed
rCold    + + +     Faith    .   (shield currently unavailable)
rNeg     . . .     Spirit   .   (helmet currently unavailable)
rPois    +         Reflect  .   r - amulet of the acrobat
rElec    .         Harm     .   c - ring of poison resistance
rCorr    +         Rampage  .   w - +6 ring of strength
Will     +....                  y - +6 ring of dexterity
Stlth    ++++......             E - ring of resist corrosion
HPRegen  0.23/turn              a - ring of willpower
MPRegen  0.17/turn              (no ring)
                                (no ring)
                                (no ring)

@: ice-form, heroic, wereblooded, drained
A: large, almost no armour, stealthy swim, amphibious, 8 rings, (constrict 8)
a: End Transformation, Renounce Religion, Heroism, Finesse


You were on level 1 of the Lair of Beasts.
You worshipped Okawaru.
Okawaru was extremely pleased with you.
You were a creature of crystalline ice.
You visited 3 branches of the dungeon, and saw 13 of its levels.

You collected 613 gold pieces.
You spent 196 gold pieces at shops.

Inventory:

Missiles
 e - 2 atropa-tipped darts
 g - 46 poisoned darts (quivered)
 F - 8 javelins
Armour
 G - a +1 buckler of cold resistance
Jewellery
 a - a ring of willpower (on tentacle)
 c - a ring of poison resistance (left front paw)
 r - an amulet of the acrobat (around neck)
 w - a +6 ring of strength (right front paw)
 y - a +6 ring of dexterity (on tentacle)
 E - a ring of resist corrosion (on tentacle)
Wands
 l - a wand of flame (7)
 t - a wand of charming (13)
 u - a wand of polymorph (6)
 z - a wand of digging (7)
 A - a wand of paralysis (15)
Scrolls
 d - 2 scrolls of random uselessness {unknown}
 f - a scroll of immolation {unknown}
 h - 5 scrolls of teleportation
 j - a scroll of magic mapping
 n - 2 scrolls of fog
 p - 4 scrolls of amnesia
 q - a scroll of enchant weapon {unknown}
 B - a scroll of enchant armour {unknown}
 C - a scroll of fear {unknown}
 H - 2 scrolls of identify
Potions
 b - 4 potions of might
 i - a potion of brilliance
 k - 3 potions of lignification
 m - a potion of magic
 o - 6 potions of curing
 s - 3 potions of flight
 v - 2 potions of heal wounds
 x - a potion of cancellation {unknown}
 D - a potion of ambrosia {unknown}


   Skills:
 - Level 6.0(11.0) Fighting
 - Level 6.0(11.0) Dodging
 - Level 4.0(9.0) Stealth
 - Level 8.0(13.0) Unarmed Combat
 - Level 6.0 Spellcasting
 - Level 10.0 Transmutations
 - Level 2.0 Ice Magic
 - Level 2.0 Poison Magic
 + Level 7.7 Invocations
 - Level 6.0 Evocations


You had 12 spell levels left.
You knew the following spells:

 Your Spells              Type           Power        Failure   Level
a - Beastly Appendage     Tmut           82%          1%          1
b - Wereblood             Tmut           41%          1%          2
c - Spider Form           Tmut/Pois      13%          3%          3
d - Ice Form              Ice/Tmut       27%          10%         4

Your spell library contained the following spells:

 Spells                   Type           Power        Failure   Level
 Blade Hands              Tmut           20%          5%          5
 Animate Skeleton         Necr           10%          12%         1
 Pain                     Necr           20%          12%         1
 Vampiric Draining        Necr           2%           34%         3
 Yara's Violent Unravell  Hex/Tmut       11%          38%         5
 Animate Dead             Necr           2%           75%         4
 Cause Fear               Hex            2%           75%         4
 Agony                    Necr           5%           97%         5
 Silence                  Hex/Air        2%           97%         5
 Discord                  Hex            2%           100%        8


Dungeon Overview and Level Annotations

Branches:
Dungeon (11/15)            Temple (1/1) D:4            Lair (1/6) D:10
    Orc (0/2) D:9

Altars:
Ashenzari
Cheibriados
Dithmenos
Elyvilon
Fedhas
Gozag
Hepliaklqana
Kikubaaqudgha
Makhleb
Nemelex Xobeh
Okawaru
Qazlal
Ru
Sif Muna
Trog
Uskayaw
Vehumet
Wu Jian
Xom
Yredelemnul
Zin
The Shining One

Shops:
D:5 *   D:8 (

Annotations:
D:3 1 runed translucent door, Crazy Yiuf
D:7 exclusion: 6 killer bees, Harold
Lair:1 Nergalle


Innate Abilities, Weirdness & Mutations

You cannot wear most types of armour.
You are very stealthy in the water. (Stealth+)
You are amphibious.
You can wear up to eight rings at the same time.
((You can use your tentacles to constrict eight enemies at once.))
((Your skin changes colour to match your surroundings (Stealth+).))
((Your rubbery body absorbs attacks. (AC +1, EV +1)))


Message History

The spectral orc warrior hits you with a +0 hand axe.
The spectral orc warrior misses you. Nergalle hits you with a +0 trident.
* * * LOW HITPOINT WARNING * * *
You barely miss Nergalle.
Nergalle is heavily wounded.
The spectral orc barely misses you.
The spectral orc knight hits you but does no damage.
Unknown command.
You punch Nergalle! You freeze Nergalle.
Nergalle is severely wounded.
The spectral orc warrior hits you but does no damage.
The spectral orc closely misses you.
The spectral orc warrior completely misses you.
Nergalle asks, "There's a tasty morsel, hm?"
Nergalle gestures at you while chanting.
Orcish apparitions take form around you.
The spectral orc hits you but does no damage.
You hit Nergalle but do no damage.
Nergalle is severely wounded.
You howl as the wereblood boils in your veins!
The spectral orc knight misses you.
The spectral orc warrior hits you but does no damage.
Nergalle completely misses you.
The spectral orc hits you with a +0 flail.
* * * LOW HITPOINT WARNING * * *
The spectral orc warrior hits you from afar with a +0 halberd.
* * * LOW HITPOINT WARNING * * *
You feel drained.
You barely miss Nergalle.
Nergalle is severely wounded.
You howl as the wereblood boils in your veins!
The spectral orc closely misses you.
Unknown command.
You pummel Nergalle!! You freeze Nergalle.
Nergalle is almost dead.
The spectral orc warrior closely misses you.
The spectral orc knight closely misses you.
Nergalle casts a spell at you. The bolt of negative energy hits you!!
You feel drained.
You die...

#.###...##.........P#...
## #.##.#..####...##...
###.♣..## #........
♣.....# ##.......# #
#♣.>.♣####.....#..# ###.
#Z....#.......##..#
.#...###.ZZ........####.#
#. #...##Z###......# #..
#.##.#.ZYZ..##....## ##.
#..##..o.Z.....#..# #.
#....Z)###......## ## .
##..#..#...#..#..#
...#....†.........#(.
......#...♣...♣......#
..+........>.....#..
......#...♣...♣...#..
...#^.#..........#


You could see Nergalle, 2 spectral orcs, 4 spectral orc warriors and a spectral
orc knight (summoned).

Vanquished Creatures
  A tengu warrior (D:10)
  A deep elf pyromancer (D:9)
  A cyclops (D:11)
  3 komodo dragons (Lair:1)
  2 trolls
  3 blink frogs (Lair:1)
  2 shadows (D:9)
  3 wyverns
  19 yaks
  A basilisk (Lair:1)
  A two-headed ogre zombie (D:9)
  2 water moccasins (Lair:1)
  3 sky beasts
  2 black bears (D:9)
  2 orc warriors (D:9)
  An ice beast (D:11)
  2 necrophages (D:9)
  5 wolves
  7 ogres
  6 centaurs
  A kobold brigand (D:10)
  5 bullfrogs
  A wyvern zombie (D:10)
  A wyvern skeleton (D:9)
  A troll zombie (D:9)
  4 scorpions
  8 wights
  6 howler monkeys
  4 electric eels (D:10)
  A bullfrog zombie (D:9)
  A centaur zombie (D:6)
  A quasit (D:4)
  A centaur skeleton (D:7)
  13 hounds
  4 orc priests
  2 jellies
  3 iguanas
  8 orc wizards
  5 worker ants
  6 ogre zombies (D:9)
  A hound zombie (D:11)
  2 hound skeletons
  3 mummies (D:9)
  A howler monkey zombie (D:9)
  A worker ant zombie (D:7)
  4 gnolls (D:8)
  12 adders
  A howler monkey skeleton (D:4)
  3 worms
  3 dart slugs
  3 leopard geckos
  13 orcs
  5 giant cockroaches
  12 goblins
  6 hobgoblins
  8 jackals
  7 kobolds
  3 quokkas
  4 ball pythons
  18 bats
  4 frilled lizards
  2 goblin skeletons (D:9)
  3 goblin zombies (D:9)
  A hobgoblin skeleton (D:9)
  4 hobgoblin zombies (D:9)
  A jackal skeleton (D:4)
  2 leopard gecko skeletons
  4 orc skeletons (D:9)
  10 orc zombies (D:9)
  3 quokka skeletons
  12 rats
299 creatures vanquished.

Vanquished Creatures (others)
  A plant (Lair:1)
  5 withered plants (D:9)
6 creatures vanquished.

Grand Total: 305 creatures vanquished

Notes
Turn   | Place    | Note
-------+----------+-------------------------------------------
     0 | D:1      | tilp the Octopode Transmuter began the quest for the Orb.
     0 | D:1      | Reached XP level 1. HP: 13/13 MP: 3/3
    41 | D:1      | Reached skill level 1 in Stealth
   424 | D:1      | Reached XP level 2. HP: 8/18 MP: 3/5
   431 | D:1      | Learned a level 2 spell: Wereblood
  1019 | D:1      | Reached XP level 3. HP: 23/23 MP: 6/6
  1832 | D:2      | Reached XP level 4. HP: 12/29 MP: 4/7
  3143 | D:3      | Found a runed translucent door.
  3144 | D:3      | Noticed Crazy Yiuf
  3530 | D:3      | Reached XP level 5. HP: 20/35 MP: 6/8
  3950 | D:4      | Found a shimmering blue altar of Sif Muna.
  4022 | D:4      | Reached XP level 6. HP: 26/42 MP: 6/9
  4096 | D:4      | Reached skill level 5 in Unarmed Combat
  4441 | D:4      | Reached XP level 7. HP: 43/48 MP: 8/10
  4483 | D:4      | Reached skill level 1 in Evocations
  4675 | D:4      | Found a staircase to the Ecumenical Temple.
  4690 | Temple   | Entered the Ecumenical Temple
  4846 | Temple   | Became a worshipper of Warmaster Okawaru
  5607 | D:4      | Reached skill level 1 in Invocations
  5902 | D:4      | Learned a level 3 spell: Spider Form
  5939 | D:5      | Entered Level 5 of the Dungeon
  6069 | D:5      | Reached XP level 8. HP: 54/54 MP: 8/11
  6095 | D:5      | HP: 1/54 [something (5)]
  6518 | D:4      | Identified the +4 whip of Defilement {vorpal, rC+ Str+2}
  7101 | D:5      | Reached skill level 1 in Poison Magic
  7447 | D:5      | Found Plog's Assorted Antiques.
  7453 | D:5      | Bought a twisted bronze ring for 140 gold pieces
  7453 | D:5      | Bought a scroll of identify for 56 gold pieces
  7683 | D:6      | Reached * piety under Okawaru
  7754 | D:6      | Reached skill level 3 in Transmutations
  8034 | D:6      | Identified the +7 whip "Ujaskosch" {drain, rC+ Will+}
  8378 | D:6      | Reached skill level 4 in Transmutations
  8950 | D:6      | Learned a level 4 spell: Ice Form
  9010 | D:7      | Noticed a wyvern
  9047 | D:7      | Noticed Harold
  9213 | D:7      | Killed a wyvern
  9213 | D:7      | Reached ** piety under Okawaru
  9214 | D:7      | Reached skill level 5 in Transmutations
  9214 | D:7      | Reached XP level 9. HP: 58/58 MP: 12/15
  9425 | D:8      | Reached skill level 6 in Transmutations
  9714 | D:8      | Reached skill level 1 in Ice Magic
 10632 | D:8      | Reached skill level 7 in Transmutations
 11071 | D:8      | Found Ossunko's Antique Weapon Shop.
 11346 | D:9      | Noticed a deep elf pyromancer
 11363 | D:9      | Killed a deep elf pyromancer
 11363 | D:9      | Reached *** piety under Okawaru
 11364 | D:9      | Reached skill level 8 in Transmutations
 11364 | D:9      | Reached skill level 5 in Fighting
 12136 | D:9      | Reached XP level 10. HP: 45/68 MP: 13/16
 12863 | D:9      | Reached skill level 5 in Spellcasting
 13062 | D:9      | Found a staircase to the Orcish Mines.
 13900 | D:9      | Reached **** piety under Okawaru
 13901 | D:9      | Reached skill level 9 in Transmutations
 14564 | D:10     | Entered Level 10 of the Dungeon
 15575 | D:10     | Noticed a tengu warrior
 15875 | D:10     | Killed a tengu warrior
 15876 | D:10     | Reached skill level 10 in Transmutations
 16230 | D:10     | Found a staircase to the Lair.
 16267 | D:10     | Reached ***** piety under Okawaru
 16462 | D:11     | Reached XP level 11. HP: 72/72 MP: 11/20
 17402 | D:11     | Reached skill level 5 in Dodging
 17706 | D:11     | Noticed a cyclops
 17706 | D:11     | Noticed a boulder beetle
 17716 | D:11     | Killed a cyclops
 18016 | D:11     | Noticed a white ugly thing
 18097 | Lair:1   | Entered Level 1 of the Lair of Beasts
 18169 | Lair:1   | Received a gift from Okawaru
 18930 | Lair:1   | Reached skill level 5 in Invocations
 18930 | Lair:1   | Reached skill level 5 in Evocations
 19018 | Lair:1   | Received a gift from Okawaru
 19734 | Lair:1   | Noticed Nergalle
 19759 | Lair:1   | Killed from afar by Nergalle

Illustrated notes

Levels and vault maps discovered:
D:1:      dpeg_arrival_yet_another_circle, layout_basic, serial_rivers,
          chequers_serial_rivers_small_b, chequers_serial_rivers_room_a,
          chequers_serial_rivers_micro_c, chequers_serial_rivers_large_a,
          chequers_serial_rivers_micro_a, hangedman_decor_lopped
D:2:      minmay_evil_eye, layout_loops_ring, minmay_stone_trees_small
D:3:      layout_loops_ring, uniq_crazy_yiuf_cottage
D:4:      cheibrodos_barr_body, layout_rooms, tgw_sif,
          minmay_temple_entry_offerings
D:5:      layout_basic, serial_shops, nicolae_shop_stone
D:6:      layout_basic
D:7:      layout_cave_pods, uniq_harold
D:8:      layout_basic, serial_shops, shop
D:9:      layout_stronghold, zombieorc2_lemuel, serial_undead, serial_undead_e,
          serial_undead_b, serial_undead_c, serial_undead_f, serial_undead_f,
          amethyst_killhole
D:10:     layout_rooms, erik_lair_island
D:11:     layout_roguey, gammafunk_ghost_ooze, uniq_josephine
Temple:   compressed_dpeg_triangle_lava_temple
Lair:1:   layout_layer_cave, roderic_batcave, grunt_megastairs_2,
          uniq_prince_ribbit2, uniq_nergalle

Skill      XL: |  1  2  3  4  5  6  7  8  9 10 11 |
---------------+----------------------------------+-----
Stealth        | 2 3 4 |  4.0
Fighting       | 2 3 4 6 |  6.0
Unarmed Combat | 4 5 6 8 |  8.0
Evocations     | 4 6 |  6.0
Invocations    | 3 4 7 |  7.7
Poison Magic   | 2 |  2.0
Spellcasting   | 4 6 |  6.0
Transmutations | 5 8 10 | 10.0
Ice Magic      | 2 |  2.0
Dodging        | 3 6 |  6.0

Action                   |  1- 3 |  4- 6 |  7- 9 | 10-12 || total
-------------------------+-------+-------+-------+-------++-------
Melee: Unarmed           |    86 |    91 |   315 |   436 ||   928
       Constrict         |    23 |    19 |    34 |    21 ||    97
       Tentacles         |    14 |    14 |    40 |    23 ||    91
       Kick              |     6 |    12 |    52 |    22 ||    92
       Punch             |       |       |    12 |    10 ||    22
Throw: Dart              |       |    16 |    28 |       ||    44
       Stone             |       |     4 |     8 |       ||    12
 Cast: Beastly Appendage |     6 |    13 |    34 |     6 ||    59
       Wereblood         |     1 |     2 |    14 |    22 ||    39
       Spider Form       |       |       |    15 |    12 ||    27
       Ice Form          |       |       |       |    33 ||    33
Invok: Heroism           |       |       |       |     7 ||     7
Evoke: Wand              |       |       |     5 |    10 ||    15
  Use: Scroll            |       |     3 |     7 |     5 ||    15
       Potion            |       |       |     2 |     1 ||     3
 Stab: Sleeping          |    13 |     9 |     9 |     6 ||    37
       Paralysed         |       |       |       |     4 ||     4
Armor: Skin              |    12 |     2 |    26 |    38 ||    78
Dodge: Dodged            |    47 |    45 |   178 |   277 ||   547

Table legend: (Time is in decaauts)
 A = Elapsed time spent in this place.
 B = Non-inter-level travel time spent in this place.
 C = Inter-level travel time spent in this place.
 D = Time resting spent in this place.
 E = Time spent auto-exploring this place.
 F = Levels seen in this place.
 G = Mean time per level.
                   A        B        C        D        E       F      G
               +--------+--------+--------+--------+--------+-----+--------+
         Total |  19649 |  18943 |    706 |   6820 |   9339 |  13 | 1511.5 |
       Dungeon |  18171 |  17511 |    660 |   6489 |   8539 |  11 | 1651.9 |
        Temple |    165 |    134 |     31 |      0 |    131 |   1 |  165.0 |
          Lair |   1311 |   1296 |     15 |    331 |    669 |   1 | 1311.0 |
               +--------+--------+--------+--------+--------+-----+--------+

Top non-repeatable levels by time:
     D:9: 3197 daAuts
     D:8: 2352 daAuts
     D:4: 2276 daAuts
    D:10: 1727 daAuts
     D:6: 1498 daAuts
     D:1: 1409 daAuts
     D:2: 1311 daAuts
  Lair:1: 1311 daAuts
     D:5: 1189 daAuts
     D:3: 1170 daAuts
    D:11: 1155 daAuts
     D:7: 883 daAuts
  Temple: 165 daAuts
